 Dungeon Crawl Stone Soup version 0.30-a0-414-gcb316572d5 (webtiles) character file.

Game seed: 14834054036985395740

422 qeuew the Trooper (level 6, -9/55 HPs)
             Began as a Hill Orc Fighter on Dec 7, 2022.
             Was an Initiate of Beogh.
             Mangled by an ogre
             ... wielding a +0 giant spiked club
              (14 damage)
             ... on level 4 of the Dungeon.
             The game lasted 00:04:07 (2410 turns).

qeuew the Trooper (Hill Orc Fighter)                Turns: 2410, Time: 00:04:07

Health: -9/55      AC:  8    Str: 21    XL:     6   Next: 95%
Magic:  8/8        EV: 10    Int:  8    God:    Beogh [......]
Gold:   218        SH:  5    Dex: 16    Spells: 5/5 levels left

rFire   . . .      SeeInvis .    a - +0 war axe
rCold   . . .      Faith    .    c - +0 buckler
rNeg    . . .      Spirit   .    b - +1 scale mail
rPois   .          Reflect  .    (no helmet)
rElec   .          Harm     .    (no cloak)
rCorr   .          Rampage  .    (no gloves)
Will    .....                    (no boots)
Stlth   ..........               (no amulet)
HPRegen 0.29/turn                g - +6 ring of dexterity
MPRegen 0.11/turn                f - ring of flight

@: flying, invisible
A: no striking features
a: Renounce Religion


You were on level 4 of the Dungeon.
You worshipped Beogh.
Beogh was noncommittal.
You visited 1 branch of the dungeon, and saw 4 of its levels.

You collected 218 gold pieces.

Inventory:

Hand Weapons
 a - a +0 war axe (weapon)
Armour
 b - a +1 scale mail (worn)
 c - a +0 buckler (worn)
Jewellery
 f - a ring of flight (right hand)
 g - a +6 ring of dexterity (left hand)
 n - a ring of positive energy
 p - an amulet of reflection
Wands
 m - a wand of flame (26)
Scrolls
 i - a scroll of enchant weapon
 k - a scroll of identify
Potions
 d - 3 potions of might
 e - 3 potions of brilliance
 j - a potion of ambrosia
 l - 4 potions of curing
 o - 2 potions of mutation {unknown}
 q - a potion of magic {unknown}


   Skills:
 + Level 4.8 Fighting
 + Level 4.3 Axes
 + Level 4.4 Armour
 + Level 2.0 Dodging
 + Level 4.4 Shields
 * Level 3.1 Invocations
 + Level 1.4 Evocations


You had 5 spell levels left.
You didn't know any spells.
Your spell library was empty.

Dungeon Overview and Level Annotations

Branches:
Dungeon (4/15)
 Temple: D:4-7

Altars:
Beogh


Message History

You closely miss the adder.
The adder is moderately wounded.
The adder barely misses you.
You hit the adder.
The adder is severely wounded.
You hear the brisk hiss of an avalanche of sand nearby.
The adder closely misses you. The adder barely misses you.
You slash the adder!
You kill the adder!
Beogh accepts your kill.
No target in view!
No target in view!
No target in view!
No target in view!
No target in view!
No target in view!
You now have 218 gold pieces (gained 22).
q - a fuming white potion
There is a stone staircase leading up here.
You hear the brisk hiss of an avalanche of sand very nearby.
An ogre comes into view. It is wielding a +0 giant spiked club.
The ogre barely misses you.
You barely miss the ogre.
The ogre hits you with a +0 giant spiked club!!
Ouch! That really hurt!
You are too injured to fight recklessly!
You are too injured to fight recklessly!
You are too injured to fight recklessly!
You are too injured to fight recklessly!
You are too injured to fight recklessly!
You are too injured to fight recklessly!
You are too injured to fight recklessly!
You are too injured to fight recklessly!
You closely miss the ogre. You barely miss the ogre.
The ogre hits you with a +0 giant spiked club!!
* * * LOW HITPOINT WARNING * * *
You fade into invisibility!
The ogre hits you with a +0 giant spiked club!
You die...

#
#........#.....#
#.......##.#.###
####.....#.#.#
#####.#.#.#
#.#.#.#
###########.#.#.#
.........##.#.#.#
.........##.#.#.#
......O@....#...#
.........########
.........#
.........#
.........#
.........#
.........#
.........#


You could see an ogre (unable to see you).

Vanquished Creatures
  A black bear (D:4)
  2 scorpions (D:4)
  2 hounds (D:4)
  Jessica (D:3)
  4 adders
  An ufetubus (D:4)
  7 dart slugs
  An orc (D:3)
  4 ball pythons
  10 endoplasms
  4 giant cockroaches
  5 goblins
  8 hobgoblins
  3 jackals (D:4)
  4 kobolds
  A quokka (D:3)
  4 bats
  3 frilled lizards
  2 rats (D:1)
67 creatures vanquished.

Notes
Turn   | Place    | Note
-------+----------+-------------------------------------------
     0 | D:1      | qeuew the Hill Orc Fighter began the quest for the Orb.
     0 | D:1      | Reached XP level 1. HP: 19/19 MP: 1/1
   100 | D:1      | Reached XP level 2. HP: 19/27 MP: 2/2
   729 | D:1      | Identified a scroll of acquirement
   729 | D:1      | Acquired a +6 ring of dexterity
   778 | D:2      | Reached XP level 3. HP: 33/33 MP: 3/3
  1035 | D:2      | Reached skill level 1 in Dodging
  1035 | D:2      | Reached XP level 4. HP: 39/40 MP: 4/4
  1366 | D:3      | Noticed Jessica
  1377 | D:3      | Killed Jessica
  1542 | D:3      | Found a roughly hewn altar of Beogh.
  1544 | D:3      | Became a worshipper of Beogh the Brigand
  1657 | D:3      | Reached XP level 5. HP: 47/47 MP: 5/5
  1983 | D:4      | Reached skill level 1 in Invocations
  2001 | D:4      | Noticed a black bear
  2009 | D:4      | Killed a black bear
  2010 | D:4      | Reached XP level 6. HP: 44/53 MP: 5/7
  2053 | D:4      | Reached skill level 1 in Evocations
  2410 | D:4      | Mangled by an ogre

Illustrated notes

Levels and vault maps discovered:
D:1:      dpeg_arrival_more_subterranean_lakeside_camping, layout_basic,
          chequers_arboretum
D:2:      layout_basic, minmay_3d_cube
D:3:      layout_basic, corexii_leaking_fountain, kennysheep_orc_chapel,
          uniq_jessica
D:4:      layout_basic, nicolae_ossuary_entry_monument

Skill      XL: |  1  2  3  4  5  6 |
---------------+-------------------+-----
Axes           | 3 4 |  4.3
Fighting       | 4 |  4.8
Dodging        | 1 2 |  2.0
Armour         | 4 |  4.4
Shields        | 4 |  4.4
Invocations    | 2 3 |  3.1
Evocations     | 1 |  1.4

Action                   |  1- 3 |  4- 6 || total
-------------------------+-------+-------++-------
Melee: War axe           |    88 |    72 ||   160
Invok: Convert to Beogh  |       |     1 ||     1
  Use: Scroll            |     6 |     3 ||     9
       Potion            |     4 |     1 ||     5
Armor: Scale mail        |    38 |    37 ||    75
Dodge: Dodged            |    32 |    38 ||    70
Block: Buckler           |    22 |    28 ||    50

Table legend: (Time is in decaauts)
 A = Elapsed time spent in this place.
 B = Non-inter-level travel time spent in this place.
 C = Inter-level travel time spent in this place.
 D = Time resting spent in this place.
 E = Time spent auto-exploring this place.
 F = Levels seen in this place.
 G = Mean time per level.
                   A        B        C        D        E       F      G
               +--------+--------+--------+--------+--------+-----+--------+
         Total |   2468 |   2409 |     59 |      0 |   1947 |   4 |  617.0 |
       Dungeon |   2468 |   2409 |     59 |      0 |   1947 |   4 |  617.0 |
               +--------+--------+--------+--------+--------+-----+--------+

Top non-repeatable levels by time:
     D:1: 780 daAuts
     D:3: 662 daAuts
     D:2: 556 daAuts
     D:4: 468 daAuts
